[Event "*** Titled Tuesday Blitz"]
[Site "Chess.com"]
[Date "2020.05.05"]
[Round "8"]
[White "ChadBiryani"]
[Black "RATNAKARAN"]
[Result "0-1"]
[WhiteElo "2343"]
[BlackElo "2559"]
[TimeControl "180+1"]
[EndTime "11:34:40 PDT"]
[Termination "RATNAKARAN won on time"]

1. d4 Nf6 2. Bf4 d6 3. e3 h6 4. Be2 g5 5. Bg3 Bg7 6. h4 gxh4 7.
Bxh4 c6 8. c3 Qc7 9. Nd2 Be6 10.
Ngf3 Nbd7 11. e4 O-O-O 12. Qc2 Kb8 13. O-O-O Rdg8 14. Rhg1 Bf8 15. Nc4 b5 16. Ne3 Qa5 17. b3 Ng4 18. Nf5 d5 19. exd5 Bxd5 20. Nxe7 Qa3+ 21.
Qb2 Bxe7 22. Bg3+ Ka8 23. c4 bxc4 24. bxc4 Rb8 25. Bxb8 Rxb8 26. Qxa3 Bxa3+ 27. Kd2 Rb2+ 28. Ke1 Bb4+ 29. Nd2 Be6 30. Bxg4 Bxg4 31. f3 Be6 32. Ke2 Bxc4+ 33. Ke3 Bd5 34. Ne4 f5 35. Ng3 f4+ 36.
Kxf4 Bd6+ 37. Kg4 Nf6+ 38. Kh4 Rxa2 39. Nf5 Bf4 40. Rge1 Rxg2 0-1

[Event "*** Titled Tuesday Blitz"]
[Site "Chess.com"]
[Date "2020.05.05"]
[Round "8"]
[White "LittlePeasant"]
[Black "BocharovD"]
[Result "0-1"]
[WhiteElo "2752"]
[BlackElo "2892"]
[TimeControl "180+1"]
[EndTime "11:34:42 PDT"]
[Termination "BocharovD won by checkmate"]

1. d4 Nf6 2. c4 e6 3. Nc3 Bb4 4. Bd2 O-O 5. e3 d5 6. Nf3 Re8 7. Rc1 c6 8. Bd3 Nbd7 9. O-O a6 10. Qc2 Qe7 11. a3 Bd6 12. e4 dxc4 13. Bxc4 e5 14.
Rfe1 exd4 15. Nxd4 Ne5 16. Ba2 Bc7 17. h3 Ng6 18. Nf5 Qf8 19. Bg5 Be6 20. Bxf6 gxf6 21. Rcd1 Rad8 22. Rxd8 Rxd8 23. Bxe6 fxe6 24. Qb3 Nf4 25.
Qxb7 Be5 26. Ne3 Kh8 27. Qxc6 Qg7 28. Rd1 Rg8 29. g4 Qh6 30. Qb6 Qxh3 31. Rd8 Ne2+ 32. Nxe2 Bh2+ 33. Kh1 Bg3+ 34. Kg1 Qh2+ 35. Kf1 Qxf2# 0-1

[Event "*** Titled Tuesday Blitz"]
[Site "Chess.com"]
[Date "2020.05.05"]
[Round "8"]
[White "CHENNAIBOND"]
[Black "AwesomeMango"]
[Result "0-1"]
[WhiteElo "1258"]
[BlackElo "2217"]
[TimeControl "180+1"]
[EndTime "11:34:42 PDT"]
[Termination "AwesomeMango won by resignation"]

1. e4 c5 2. Nf3 d6 3. d4 cxd4 4. Nxd4 Nf6 5. Nc3 a6 6. h3 e6 7.
g4 Nfd7 8. g5 Be7 9. Be3 b5 10.
a3 Bb7 11. Qd2 Nc6 12. f4 Nxd4 13. Bxd4 e5 14. Be3 exf4 15. Bxf4 h6 16. Rg1 hxg5 17. Bxg5 Bxg5 18. Rxg5 Qf6 19. O-O-O Ne5 20. Rf5 Qh6 21. Kb1 Qxd2 22. Rxd2 Ke7 23. Nd5+ Bxd5 24. Rxd5 Rh4 25. Bg2 g6 26. Rf1 Rc8 27. Rfd1 Nc4 28. R1d3 Rf4 29. Ka2 Rf2 30. Bf3 Rxc2 31. Kb3 Rxb2+ 32. Kc3 0-1

[Event "*** Titled Tuesday Blitz"]
[Site "Chess.com"]
[Date "2020.05.05"]
[Round "8"]
[White "Duhless"]
[Black "Vaathi_Coming"]
[Result "1-0"]
[WhiteElo "3082"]
[BlackElo "2853"]
[TimeControl "180+1"]
[EndTime "11:34:43 PDT"]
[Termination "Duhless won by resignation"]

1. c4 Nf6 2. Nc3 e5 3. Nf3 Nc6 4. g3 d5 5. cxd5 Nxd5 6. Bg2 Nb6 7. O-O Be7 8. a3 a5 9. d3 O-O 10. Be3 Be6 11. Na4 Nd5 12. Bc5 b5 13. Bxe7 Qxe7 14. Rc1 Nd4 15. Nc5 Nxf3+ 16. Bxf3 Ra7 17. Nxe6 Qxe6 18.
Rc5 c6 19. Qc2 Ra6 20. Rc1 Ne7 21. Bxc6 b4 22. Be4 bxa3 23. bxa3 h5 24. d4 Ng6 25. Bxg6 fxg6 26. Rxe5 Qf6 27. e3 Rb6 28. Rxa5 Rfb8 29. Rc5 R8b7 30. Rc6 Rxc6 31. Qxc6 Qe7 32. Qxg6 1-0

[Event "*** Titled Tuesday Blitz"]
[Site "Chess.com"]
[Date "2020.05.05"]
[Round "8"]
[White "Kotofeyca"]
[Black "tamarozi99"]
[Result "1-0"]
[WhiteElo "2404"]
[BlackElo "1990"]
[TimeControl "180+1"]
[EndTime "11:34:43 PDT"]
[Termination "Kotofeyca won on time"]

1. d4 Nf6 2. c4 c5 3. Nf3 g6 4. Nc3 cxd4 5. Nxd4 Nc6 6. g3 d6 7. Bg2 Nxd4 8. Qxd4 Bg7 9. O-O O-O 10. b3 Ne4 11.
Qxe4 Bxc3 12. Bh6 Bxa1 13. Bxf8 Bf6 14. Bh6 Rb8 15. Rd1 Bf5 16. Qf4 Qc8 17. e4 Bg4 18. Rc1 Be5 19. Qe3 Bf6 20. Qxa7 Ra8 21. Qb6 Rxa2 22. e5 Bxe5 23. Bxb7 Qb8 24. c5 Bd4 25. b4 Bxf2+ 26. Kh1 dxc5 27. bxc5 Re2 28. Qb4 Ra2 29. Rb1 Bh3 30. Qc4 Bg4 31. Qxa2 1-0

[Event "*** Titled Tuesday Blitz"]
[Site "Chess.com"]
[Date "2020.05.05"]
[Round "8"]
[White "bakki78"]
[Black "IljaJoke"]
[Result "1-0"]
[WhiteElo "2721"]
[BlackElo "2549"]
[TimeControl "180+1"]
[EndTime "11:34:45 PDT"]
[Termination "bakki78 won by resignation"]

1. e4 e5 2. Nf3 Nc6 3. Bb5 a6 4. Ba4 Nf6 5. Nc3 b5 6. Bb3 Bc5 7. O-O d6 8. Nd5 h6 9. c3 Rb8 10. d4 Bb6 11. Nxb6 cxb6 12. dxe5 Nxe5 13. Nxe5 dxe5 14.
Qxd8+ Kxd8 15. Bxf7 Nxe4 16. Bg6 Nf6 17. Re1 e4 18.
Bf4 Rb7 19. Be5 Re7 20. Bxf6 gxf6 21. Rxe4 Rxe4 22. Bxe4 Re8 23. f3 f5 24. Bd3 f4 25.
Kf2 Be6 26. a3 Kc7 27. Re1 Rd8 28. Rxe6 Rxd3 29. g3 Rd2+ 30. Re2 fxg3+ 31. hxg3 Rd5 32. f4 a5 33. Kf3 b4 34. g4 bxc3 35. bxc3 Rc5 36.
Re3 Kd7 37. f5 b5 38. Kg3 Rc4 39. Kh4 Rf4 40. Kh5 a4 41. Kxh6 Rxg4 42. f6 Rf4 43. Kg7 Rg4+ 44. Kf8 Kd6 45. f7 Rf4 46. Ke8 Kc5 47.
f8=Q+ Rxf8+ 48. Kxf8 Kc4 49. Re5 1-0

[Event "*** Titled Tuesday Blitz"]
[Site "Chess.com"]
[Date "2020.05.05"]
[Round "8"]
[White "CaptainTheTT"]
[Black "Nara_Kh"]
[Result "1-0"]
[WhiteElo "2244"]
[BlackElo "2403"]
[TimeControl "180+1"]
[EndTime "11:34:45 PDT"]
[Termination "CaptainTheTT won by resignation"]

1. e4 c5 2. Nf3 d6 3. d4 Nf6 4. Nc3 cxd4 5. Nxd4 a6 6. g3 e5 7. Nde2 Be7 8. Bg2 O-O 9. O-O b5 10. Nd5 Nxd5 11. Qxd5 Ra7 12. Be3 Be6 13. Qd2 Rd7 14.
Nc3 Nc6 15. Nd5 Kh8 16. a4 Qb8 17. axb5 axb5 18. Ra6 Rc8 19. Nb6 Qb7 20. Rfa1 Rdd8 21. Nxc8 Rxc8 22. Rb6 Qc7 23. Rxb5 h6 24. c3 Kh7 25.
Bf1 Bd7 26. Bb6 Qb7 27. Bd8 Qxb5 28. Bxb5 Rxd8 29. Qd5 Rc8 30. Qxf7 Rf8 31. Qd5 Rc8 32. Ra6 Nb8 33. Bxd7 Nxd7 34. Qe6 1-0

[Event "*** Titled Tuesday Blitz"]
[Site "Chess.com"]
[Date "2020.05.05"]
[Round "8"]
[White "11kevin"]
[Black "korkmaz16"]
[Result "1-0"]
[WhiteElo "2531"]
[BlackElo "2317"]
[TimeControl "180+1"]
[EndTime "11:34:46 PDT"]
[Termination "11kevin won by resignation"]

1. d4 d5 2. c4 e5 3. dxe5 d4 4.
Nf3 Nc6 5. g3 Be6 6. Bg2 Qd7 7.
Nbd2 Bh3 8. O-O Bxg2 9. Kxg2 O-O-O 10. a3 Nge7 11. b4 Ng6 12. Qa4 Kb8 13. b5 Ncxe5 14. Bb2 Qg4 15. h3 Nf4+ 16. Kg1 Nxh3+ 17. Kh2 Nf4 18.
gxf4 Qxf4+ 19. Kg2 Qg4+ 20. Kh1 Rd6 21. Rg1 Rh6+ 22.
Nh2 Qf4 23. Nf1 Ng4 24. Rxg4 Qxg4 25. Qb3 Bd6 26. Qf3 Qh4 27. Qg2 Re8 28. f3 Ree6 29.
Bxd4 Reg6 30. Qf2 Bg3 31. Nxg3 Rxg3 32. Rd1 Kc8 33. Be5 Rh3 34. Qxh4 R3xh4 35. Rd4 Rxd4 36.
Bxd4 Re6 37. e3 g6 38. Ng4 f5 39. Ne5 b6 40. Nc6 Kb7 41. Nd8+ Kc8 42. Nxe6 1-0

[Event "*** Titled Tuesday Blitz"]
[Site "Chess.com"]
[Date "2020.05.05"]
[Round "8"]
[White "Macron20hTF1"]
[Black "SamuelGhimpu2003"]
[Result "0-1"]
[WhiteElo "2393"]
[BlackElo "2689"]
[TimeControl "180+1"]
[EndTime "11:34:47 PDT"]
[Termination "SamuelGhimpu2003 won on time"]

1. f4 d5 2. Nf3 Nh6 3. g3 Nc6 4.
Bg2 Bg4 5. O-O Nf5 6. d3 d4 7. c4 e6 8. Qa4 Qd7 9. Na3 h5 10. h3 Nxg3 11. hxg4 Nxf1 12. Bxf1 hxg4 13. Nh2 g3 14.
Nf3 f6 15. Bg2 O-O-O 16. Bd2 Kb8 17. b4 Nxb4 18. Qb3 c5 19. Bxb4 cxb4 20. Nc2 Qd6 21.
a3 Qxf4 22. axb4 Rh5 23. Qa4 a5 24. bxa5 Bc5 25. Rb1 Kc7 26. Rxb7+ Kxb7 27. Ne5+ Ka7 28. Nc6+ Ka8 29. Nxd8+ Kb8 30. Qb5+ Kc8 31. Qb7+ Kxd8 32. Qa8+ Ke7 0-1

[Event "*** Titled Tuesday Blitz"]
[Site "Chess.com"]
[Date "2020.05.05"]
[Round "8"]
[White "tioloko"]
[Black "Gloomy_Wanderer"]
[Result "0-1"]
[WhiteElo "2625"]
[BlackElo "2788"]
[TimeControl "180+1"]
[EndTime "11:34:49 PDT"]
[Termination "Gloomy_Wanderer won by checkmate"]

1. d4 Nf6 2. Nf3 e6 3. c4 d5 4.
e3 b6 5. Be2 Bb7 6. O-O Bd6 7.
Nc3 a6 8. b3 Nbd7 9. Bb2 O-O 10. Rc1 Qe7 11. Qd2 Rad8 12. Rfd1 Ne4 13. Qe1 f5 14.
Bd3 dxc4 15. bxc4 Nxc3 16. Bxc3 Bxf3 17. gxf3 Qg5+ 18. Kf1 Bxh2 19. Ke2 Bd6 20. Qd2 e5 21. Rg1 Qe7 22. Kd1 exd4 23. exd4 g6 24. Kc2 c5 25.
Rce1 Qf7 26. Qh6 Rfe8 27. d5 Be5 28. Rg5 Bxc3 29. Rxe8+ Rxe8 30. Kxc3 Kh8 31. Kc2 Ne5 32. f4 Nxd3 33. Kxd3 b5 34. a3 bxc4+ 35. Kxc4 Re4+ 36. Kxc5 Qc7# 0-1

[Event "*** Titled Tuesday Blitz"]
[Site "Chess.com"]
[Date "2020.05.05"]
[Round "8"]
[White "boasovietica"]
[Black "vladimirdamjanovic"]
[Result "0-1"]
[WhiteElo "2456"]
[BlackElo "2611"]
[TimeControl "180+1"]
[EndTime "11:34:51 PDT"]
[Termination "vladimirdamjanovic won by resignation"]

1. e4 c6 2. d4 d5 3. exd5 cxd5 4. Bd3 Nc6 5. c3 Nf6 6. Ne2 Bg4 7. O-O e6 8. Qe1 Bd6 9. f3 Bh5 10. Qh4 O-O 11.
Bxh7+ Kxh7 12. Bg5 Rh8 13. g4 Kg8 14. gxh5 Be7 15.
h6 Nd7 16. Bxe7 Nxe7 17. Kh1 Rxh6 18. Qf4 Ng6 19. Qg3 Nf6 20. Nd2 Nh5 21. Qg4 Qc7 22. f4 Nf6 23. Qg3 Nh4 24. Rg1 Nf5 25. Qf2 Kh7 26.
Nf3 Rh8 27. Ng5+ Kg8 28. Rg2 Ne4 29. Nxe4 dxe4 30. Rag1 Qc6 31. d5 Qxd5 32. Qxa7 e3 33. Qb8+ Kh7 34. Qe5 Rxh2+ 0-1

[Event "*** Titled Tuesday Blitz"]
[Site "Chess.com"]
[Date "2020.05.05"]
[Round "8"]
[White "CrushingKings"]
[Black "Lubov_Gordyk"]
[Result "0-1"]
[WhiteElo "2464"]
[BlackElo "2638"]
[TimeControl "180+1"]
[EndTime "11:34:52 PDT"]
[Termination "Lubov_Gordyk won on time"]

1. e4 g6 2. d4 Bg7 3. Nc3 d6 4. Be3 a6 5. f3 Nd7 6. Qd2 b5 7.
h4 h5 8. Nh3 Bb7 9. Ng5 Qc8 10.
O-O-O c5 11. dxc5 Nxc5 12. Bd4 f6 13. Nh3 Bh6 14. Be3 Bxe3 15. Qxe3 Nh6 16. Nf4 Kf7 17. Ncd5 Qd8 18. Be2 e6 19. Nb4 Qb6 20. Kb1 Rad8 21. g4 hxg4 22. h5 g5 23. Ng6 Rhe8 24. fxg4 Na4 25.
Qf3 Nc5 26. Rhf1 Nxe4 27. Ka1 Ng8 28. Qb3 Nc5 29. Qc3 a5 30. Nd3 e5 31. Nf2 b4 32.
Qe3 a4 33. Nh3 Nb3+ 34. Qxb3+ axb3 35. Nxg5+ Kg7 0-1

[Event "*** Titled Tuesday Blitz"]
[Site "Chess.com"]
[Date "2020.05.05"]
[Round "8"]
[White "Redbandit87"]
[Black "FMJoseHerrera"]
[Result "0-1"]
[WhiteElo "2452"]
[BlackElo "2588"]
[TimeControl "180+1"]
[EndTime "11:34:52 PDT"]
[Termination "FMJoseHerrera won by resignation"]

1. d4 Nf6 2. Bf4 c5 3. e3 g6 4.
Nf3 Bg7 5. Be2 O-O 6. h3 cxd4 7. exd4 d6 8. c3 Nbd7 9. O-O a6 10. Bh2 b6 11. a4 Bb7 12. Re1 Re8 13. Bf1 Nf8 14.
Nbd2 Ne6 15. Qb3 Rb8 16. Rad1 Bd5 17. c4 Ba8 18. Rxe6 fxe6 19. Ng5 Qd7 20. Re1 Bh6 21. Ndf3 Bxf3 22. Nxf3 Nh5 23. Re4 Rf8 24. Rh4 Bg7 25. Re4 Kh8 26. Ng5 Rf6 27. g4 Bh6 28.
Nxh7 Kxh7 29. gxh5 gxh5 30. Bd3 Kh8 31. Bg3 Rg8 32. Kh2 Rf3 33. Qd1 Rgf8 34. Be2 R3f5 35. Bxh5 Qc6 36. f3 Rxh5 37. d5 exd5 38. Rxe7 Qxc4 39. Bxd6 Bf4+ 40. Bxf4 Qxf4+ 41. Kg1 Qg3+ 0-1

[Event "*** Titled Tuesday Blitz"]
[Site "Chess.com"]
[Date "2020.05.05"]
[Round "8"]
[White "Aleksandar-Topalov"]
[Black "turayev_shahruh17"]
[Result "0-1"]
[WhiteElo "2398"]
[BlackElo "2548"]
[TimeControl "180+1"]
[EndTime "11:34:52 PDT"]
[Termination "turayev_shahruh17 won by resignation"]

1. b3 e5 2. Bb2 Nc6 3. c4 Nf6 4. e3 d5 5. cxd5 Nxd5 6. a3 a6 7. Qc2 Be6 8. Nf3 f6 9. d3 Qd7 10. Nbd2 Be7 11. Be2 O-O 12. O-O Rad8 13. Rac1 a5 14.
Rfd1 Nb6 15. Ne4 Qe8 16. Nfd2 Qg6 17. Kh1 Bd5 18. Bf1 f5 19. Nc5 Bxc5 20. Qxc5 f4 21. e4 Be6 22. Nc4 Bxc4 23. bxc4 Na4 24. Qb5 Nxb2 25.
Qxb2 b6 26. c5 Nd4 27. cxb6 cxb6 28. Rc4 b5 29. Rc5 Qd6 30. Rdc1 Rb8 31. Rd5 Qf6 32. Be2 b4 33. Bg4 Qh4 34. Bh3 bxa3 35. Qxa3 Qxf2 36.
Rxe5 f3 37. Rg5 Qe3 38. Rg3 Ne2 39. Re1 Nxg3+ 0-1

[Event "*** Titled Tuesday Blitz"]
[Site "Chess.com"]
[Date "2020.05.05"]
[Round "8"]
[White "grunbergmihai"]
[Black "Lunow"]
[Result "1-0"]
[WhiteElo "2391"]
[BlackElo "2209"]
[TimeControl "180+1"]
[EndTime "11:34:52 PDT"]
[Termination "grunbergmihai won on time"]

1. Nf3 c5 2. c4 Nc6 3. g3 g6 4. Bg2 Bg7 5. O-O e5 6. Nc3 Nge7 7. d3 d6 8. a3 O-O 9. Rb1 a5 10. Bg5 f6 11. Bd2 Be6 12. Qc1 b6 13. Bh6 d5 14. Bxg7 Kxg7 15. cxd5 Nxd5 16. Nd2 Rb8 17. Nxd5 Bxd5 18. Bxd5 Qxd5 19. Qc4 Qd7 20. Nf3 Rfe8 21. Rfc1 Nd4 22. Nxd4 exd4 23. Rc2 Re5 24. b4 axb4 25.
axb4 Rbe8 26. bxc5 bxc5 27. Qa2 h5 28. h4 g5 29.
hxg5 Rxg5 30. Qa5 h4 31. Rxc5 Rxc5 32. Qxc5 1-0

[Event "*** Titled Tuesday Blitz"]
[Site "Chess.com"]
[Date "2020.05.05"]
[Round "8"]
[White "mamonika"]
[Black "WinstonSilvakov"]
[Result "1-0"]
[WhiteElo "1980"]
[BlackElo "2156"]
[TimeControl "180+1"]
[EndTime "11:34:52 PDT"]
[Termination "mamonika won by resignation"]

1. e4 Nf6 2. e5 Nd5 3. d4 d6 4. c4 Nb6 5. exd6 cxd6 6. Nc3 g6 7. Nf3 Bg7 8. Bd3 Nc6 9. Be3 O-O 10. O-O e5 11. dxe5 dxe5 12. c5 Nd5 13. Nxd5 Qxd5 14.
Qc2 Nb4 15. Qc4 Qxc4 16. Bxc4 Nc2 17. Rac1 Nxe3 18. fxe3 h6 19. Rfd1 Bg4 20. Bd5 Rab8 21.
h3 Bxf3 22. gxf3 Rfd8 23. Rd2 Kf8 24. Re1 Rd7 25. Red1 Ke7 26. Kf2 f5 27. e4 Rc8 28.
b4 a5 29. a3 axb4 30. axb4 fxe4 31. Bxe4 Rxd2+ 32. Rxd2 Rc7 33. Bxg6 Kf6 34. Be4 Kg5 35. Kg3 h5 36. h4+ Kf6 37. Rd6+ Ke7 38. Bg6 Bf8 39.
Bxh5 Rc8 40. Bg4 Ra8 41. Rd7+ Kf6 42. Rxb7 Ra4 43. c6 Bh6 44. c7 Ra2 45. Rb6+ Kg7 46. Rxh6 1-0

[Event "*** Titled Tuesday Blitz"]
[Site "Chess.com"]
[Date "2020.05.05"]
[Round "8"]
[White "Phenix2k"]
[Black "Sweafty"]
[Result "1-0"]
[WhiteElo "2330"]
[BlackElo "2510"]
[TimeControl "180+1"]
[EndTime "11:34:53 PDT"]
[Termination "Phenix2k won by resignation"]

1. d4 d6 2. Nf3 Nd7 3. c4 Ngf6 4. Nc3 e5 5. e4 Be7 6. Be2 O-O 7. O-O c6 8. Re1 Re8 9. Bf1 Qc7 10. Rb1 Nf8 11. b4 Ng6 12. g3 Bg4 13. Be3 a6 14. h3 Bxf3 15. Qxf3 exd4 16. Bxd4 Ne5 17. Qd1 c5 18. bxc5 dxc5 19. Be3 Rad8 20. Nd5 Qc8 21. f4 Nc6 22. e5 Nd7 23. Qg4 Nd4 24. Bg2 b5 25. cxb5 axb5 26. Bxd4 cxd4 27. Rxb5 Qc2 28. e6 fxe6 29. Qxe6+ Kh8 30.
Nxe7 d3 31. Be4 d2 32. Bxc2 dxe1=Q+ 33. Qxe1 Nf6 34. Re5 1-0

[Event "*** Titled Tuesday Blitz"]
[Site "Chess.com"]
[Date "2020.05.05"]
[Round "8"]
[White "ntmh281"]
[Black "erlesfar"]
[Result "1-0"]
[WhiteElo "2297"]
[BlackElo "2429"]
[TimeControl "180+1"]
[EndTime "11:34:53 PDT"]
[Termination "ntmh281 won by checkmate"]

1. d4 Nf6 2. Nf3 c5 3. d5 d6 4.
Nc3 Qa5 5. Bd2 b5 6. Ne4 Qc7 7. Nxf6+ exf6 8. e4 a6 9. a4 b4 10. Bd3 g6 11. O-O Bg7 12. Qe2 O-O 13. Bf4 Nd7 14.
Nd2 Ne5 15. Bg3 a5 16. Bb5 f5 17. f4 Ng4 18. e5 dxe5 19. h3 exf4 20. Bxf4 Be5 21. Bxe5 Nxe5 22. Rae1 f6 23. Nf3 Nxf3+ 24. Rxf3 Bb7 25. Qe6+ Qf7 26. Rd3 Rad8 27. d6 Qxe6 28. Rxe6 Be4 29. Rd2 h5 30. d7 Kf7 31. Bc4 g5 32.
Rxe4+ Kg6 33. Re7 g4 34. h4 f4 35. Bd3+ f5 36. Bb5 Kf6 37. Rde2 f3 38. R2e6# 1-0

[Event "*** Titled Tuesday Blitz"]
[Site "Chess.com"]
[Date "2020.05.05"]
[Round "8"]
[White "AttilaTurzo"]
[Black "Filip_Covic"]
[Result "1-0"]
[WhiteElo "2501"]
[BlackElo "2364"]
[TimeControl "180+1"]
[EndTime "11:34:55 PDT"]
[Termination "AttilaTurzo won by resignation"]

1. e4 c5 2. Nf3 Nc6 3. d4 cxd4 4. Nxd4 g6 5. c4 Nf6 6. Nc3 Nxd4 7. Qxd4 d6 8. Be2 Bg7 9. O-O O-O 10. Qd3 Be6 11. Bd2 Nd7 12. b3 Nc5 13. Qe3 Rc8 14. Rac1 a6 15.
b4 Nd7 16. Nd5 Bxd5 17. exd5 Re8 18. c5 dxc5 19. bxc5 Nf6 20. Bf3 Nxd5 21. Qb3 e6 22. Qxb7 Qe7 23. Qxa6 Rxc5 24. a4 Rb8 25. a5 Rxc1 26.
Rxc1 Qd8 27. Qc4 Nb6 28. Qc7 Qxc7 29. Rxc7 Nd5 30. a6 Ra8 31. Bxd5 exd5 32. a7 Bd4 33. Be3 Bxe3 34. fxe3 Kg7 35. Kf2 Kf6 36. Ke2 Ke6 37.
Kd3 h5 38. Kd4 f6 39. Kc5 Ke5 40. Re7+ Kf5 41. Kxd5 1-0

[Event "*** Titled Tuesday Blitz"]
[Site "Chess.com"]
[Date "2020.05.05"]
[Round "8"]
[White "gemarin"]
[Black "kungmongmanh"]
[Result "0-1"]
[WhiteElo "1981"]
[BlackElo "2547"]
[TimeControl "180+1"]
[EndTime "11:34:56 PDT"]
[Termination "kungmongmanh won on time"]

1. d4 Nf6 2. c4 e6 3. Nf3 Bb4+ 4.
Bd2 Qe7 5. a3 Bxd2+ 6. Nbxd2 O-O 7. e3 d6 8. Qc2 e5 9. Nb1 Bg4 10.
dxe5 dxe5 11. Be2 c6 12. Nc3 Nbd7 13. O-O a5 14. Na4 Bxf3 15. Bxf3 e4 16. Be2 Nc5 17. Rfd1 h6 18. Rd4 Ne6 19. Rd2 Rfd8 20. Rad1 Rxd2 21. Qxd2 Nc5 22. Nb6 Ra6 23. Nc8 Qe6 24. Qd8+ Kh7 25. Ne7 Nd3 26. f3 Nxb2 27. Rd6 Qe5 28. Rxf6 Ra8 29. Qxa8 Qxe7 30. Rf4 Qxa3 31. Rxf7 Qxe3+ 0-1

[Event "*** Titled Tuesday Blitz"]
[Site "Chess.com"]
[Date "2020.05.05"]
[Round "8"]
[White "XDPS"]
[Black "ClassyEl"]
[Result "1-0"]
[WhiteElo "2724"]
[BlackElo "2562"]
[TimeControl "180+1"]
[EndTime "11:34:57 PDT"]
[Termination "XDPS won by resignation"]

1. e4 d6 2. d4 Nf6 3. Nc3 c6 4. Nf3 Bg4 5. Be2 e6 6. O-O d5 7.
e5 Nfd7 8. Bf4 a6 9. Qd2 c5 10. dxc5 Bxc5 11. h3 Bh5 12. Nd4 Bg6 13. Nb3 Bb6 14.
Na4 Bc7 15. Rfe1 Nc6 16. Nac5 Nxc5 17. Nxc5 Nxe5 18. Nxb7 Qf6 19. Bg5 Qf5 20. f4 Nc4 21. Bxc4 dxc4 22. Nd6+ Bxd6 23. Qxd6 f6 24. Rxe6+ Kf7 25.
Re7+ Kg8 26. g4 Qxc2 27. Qe6+ 1-0

[Event "*** Titled Tuesday Blitz"]
[Site "Chess.com"]
[Date "2020.05.05"]
[Round "8"]
[White "theblitzchamp"]
[Black "Pittiplatsh"]
[Result "1-0"]
[WhiteElo "2688"]
[BlackElo "2526"]
[TimeControl "180+1"]
[EndTime "11:34:57 PDT"]
[Termination "theblitzchamp won by resignation"]

1. d4 Nf6 2. Bf4 g6 3. Nc3 d5 4. e3 Bg7 5. h4 c6 6. Nf3 Bg4 7. Be2 Nbd7 8. Ne5 Bxe2 9. Qxe2 Nxe5 10. Bxe5 h5 11. O-O-O Qa5 12. Kb1 O-O-O 13. f3 Rhe8 14. a3 Bh8 15. Bh2 Nd7 16. e4 e6 17. Qe3 Nb6 18. Qf4 e5 19. Qxf7 Nc4 20. exd5 cxd5 21.
Qxg6 Nxa3+ 22. bxa3 Qxc3 23. Rd3 Qc6 24. Qf5+ Rd7 25.
dxe5 Re6 26. Rhd1 Qb5+ 27. Rb3 Qc6 28. Rdd3 d4 29. Qxh5 Bg7 30. Qf5 Rc7 31. Rxd4 1-0

[Event "*** Titled Tuesday Blitz"]
[Site "Chess.com"]
[Date "2020.05.05"]
[Round "8"]
[White "Firegrizzly"]
[Black "DrBergerBerger"]
[Result "1-0"]
[WhiteElo "2672"]
[BlackElo "2499"]
[TimeControl "180+1"]
[EndTime "11:34:57 PDT"]
[Termination "Firegrizzly won on time"]

1. d4 g6 2. Nf3 Bg7 3. e4 d6 4.
c3 Nf6 5. Bd3 O-O 6. O-O Nc6 7.
h3 e5 8. Re1 Re8 9. d5 Nb8 10. a4 a5 11. b4 Nh5 12. bxa5 Na6 13. Bc2 Bd7 14. Na3 Nc5 15. Nb5 Rxa5 16. Rb1 b6 17. Be3 Nf4 18. Bxf4 exf4 19. Nfd4 Qg5 20.
Kf1 Re7 21. Nf3 Qh5 22. Nfd4 Qg5 23. Qd2 Nxa4 24. Bxa4 Rxa4 25. Qd3 Ra2 26. Ra1 Rxa1 27. Rxa1 h5 28. Ra8+ Kh7 29. Ra1 h4 30. Re1 f5 31.
exf5 Rxe1+ 32. Kxe1 Qxg2 33. Nxc7 Qg1+ 34. Ke2 gxf5 35.
Nce6 Qg6 36. Nxf4 Qf6 37. Nde6 Qe5+ 38. Kd2 Bh6 39. Kc2 Bxf4 40. Qf3 Bxe6 41. dxe6 1-0

[Event "*** Titled Tuesday Blitz"]
[Site "Chess.com"]
[Date "2020.05.05"]
[Round "8"]
[White "etesungam"]
[Black "chenxiaoyuer"]
[Result "0-1"]
[WhiteElo "2301"]
[BlackElo "2226"]
[TimeControl "180+1"]
[EndTime "11:34:57 PDT"]
[Termination "chenxiaoyuer won by checkmate"]

1. d4 Nf6 2. Nc3 d5 3. Bg5 g6 4. Bxf6 exf6 5. e3 Bg7 6. Bd3 f5 7. Nge2 O-O 8. Qd2 c6 9. Nf4 Nd7 10. h4 Nf6 11. h5 g5 12. Nh3 Ne4 13. Bxe4 fxe4 14. h6 Bxh6 15. O-O-O Bg7 16. f4 f6 17. g4 Bxg4 18. Rdg1 Bf3 19. Rh2 h6 20. fxg5 fxg5 21. Nf2 Qd6 22. Ng4 Bxg4 23. Rxg4 Rf1+ 24. Nd1 Raf8 25. c3 Qe6 26. Qe2 Qf5 27. Kc2 Qf3 28.
Rgg2 Qxe2+ 29. Rxe2 Kh7 30. Nf2 Kg6 31. Nh3 R1f3 32. b3 R8f5 33. c4 Bf8 34. Nf2 h5 35. Nh3 Bd6 36. Rh1 g4 37. Rg2 Rg3 38. Rxg3 Bxg3 39.
Ng1 Rf1 40. c5 Bf2 41. Rh2 Bxg1 42. Rh1 Kg5 43. b4 h4 44. b5 h3 45. b6 a6 46. a4 Kh4 47. Kb3 g3 48. Kb4 g2 49.
Rh2 Bxh2 50. Ka5 g1=Q 51. Kb4 Rb1+ 52. Ka5 Qe1# 0-1

[Event "*** Titled Tuesday Blitz"]
[Site "Chess.com"]
[Date "2020.05.05"]
[Round "8"]
[White "VNeimer"]
[Black "Gareth-Bale11"]
[Result "0-1"]
[WhiteElo "2553"]
[BlackElo "2735"]
[TimeControl "180+1"]
[EndTime "11:34:59 PDT"]
[Termination "Gareth-Bale11 won by resignation"]

1. e4 c5 2. Nc3 Nc6 3. g3 g6 4.
Bg2 Bg7 5. d3 d6 6. f4 e6 7. Nf3 Nge7 8. O-O O-O 9. Be3 Nd4 10. e5 Nef5 11. Bf2 Nxf3+ 12. Qxf3 Nd4 13. Qd1 dxe5 14. fxe5 Bxe5 15. Ne4 Qc7 16. c3 Nc6 17. Bxc5 Rd8 18. Qf3 f5 19. Ng5 Bf6 20. Qe3 Ne5 21.
d4 Nc4 22. Qc1 e5 23. b3 Nd6 24. Qe3 exd4 25. cxd4 Re8 26. Bxd6 Rxe3 27. Bxc7 Bxg5 28. Rfe1 a5 29. Kf2 Rc3 30. Bd5+ Kg7 31. Be5+ Kf8 32. h4 Be7 33. Bg7+ Ke8 34. Bf6 Rc7 35. Rac1 Rxc1 36.
Rxe7+ Kf8 37. Rf7+ Ke8 38. Rxh7 Rc2+ 39. Kf3 Ra6 40.
Be5 Be6 41. Bxb7 Rb6 42. d5 Rxb7 43. Rh8+ Kd7 44. dxe6+ Kxe6 45. Rg8 Kxe5 0-1

[Event "*** Titled Tuesday Blitz"]
[Site "Chess.com"]
[Date "2020.05.05"]
[Round "8"]
[White "elsemenova"]
[Black "Aradej"]
[Result "0-1"]
[WhiteElo "2405"]
[BlackElo "2548"]
[TimeControl "180+1"]
[EndTime "11:34:59 PDT"]
[Termination "Aradej won by resignation"]

1. e4 d6 2. d4 Nf6 3. Nc3 e5 4.
dxe5 dxe5 5. Qxd8+ Kxd8 6. g3 Bc5 7. Bg5 Nd7 8. f4 c6 9. Nf3 h6 10. Bxf6+ gxf6 11. f5 Ke7 12. O-O-O b5 13. Be2 Nb6 14.
b3 a5 15. Kb2 a4 16. h4 Bd7 17. g4 Rhg8 18. Nb1 Ra7 19. Ne1 b4 20. Nd3 Bd4+ 21. Kc1 c5 22. Nd2 axb3 23. Nxb3 c4 24. Nxd4 cxd3 25.
Rxd3 exd4 26. Rxd4 Rxa2 27. Kd2 Rc8 28. Bd3 b3 29. Rc1 Na4 30. Rb4 b2 31. Re1 Nc3 32.
e5 fxe5 33. Rc4 b1=Q 0-1

[Event "*** Titled Tuesday Blitz"]
[Site "Chess.com"]
[Date "2020.05.05"]
[Round "8"]
[White "Marty435"]
[Black "Love_craft"]
[Result "0-1"]
[WhiteElo "2510"]
[BlackElo "2417"]
[TimeControl "180+1"]
[EndTime "11:34:59 PDT"]
[Termination "Love_craft won by checkmate"]

1. Nf3 g6 2. c4 Bg7 3. Nc3 d6 4. d4 Nd7 5. e4 Ngf6 6. Be2 O-O 7. O-O e5 8. Be3 c6 9. d5 c5 10. a3 Ne8 11. b4 b6 12. Nd2 f5 13. f3 f4 14. Bf2 g5 15. Nb3 Rf7 16. Qd2 Bf8 17.
Rfb1 h5 18. bxc5 bxc5 19. Na4 Rg7 20. Na5 g4 21. Nc6 Qg5 22. Be1 Ndf6 23. Rb3 h4 24.
Rab1 h3 25. Rb8 Rxb8 26. Rxb8 Bd7 27. Nc3 hxg2 28. Nb5 a6 29. Nba7 g3 30. hxg3 Qh5 31. Kxg2 fxg3 32. Bd3 Qh2+ 33. Kf1 Bh3+ 34. Qg2 Qxg2# 0-1